 Dungeon Crawl Stone Soup version 0.18-a0-1311-g779ca93 (webtiles) character file.

1712 inmateoo the Insei (level 9, -5/58 HPs)
             Began as an Octopode Transmuter on Feb 13, 2016.
             Was an Initiate of Ashenzari.
             Shot with an arrow by a centaur (16 damage)
             ... on level 6 of the Dungeon.
             The game lasted 00:12:31 (6918 turns).

inmateoo the Insei (Octopode Transmuter)            Turns: 6918, Time: 00:12:31

Health: -5/58      AC:  2    Str: 10    XL:     9   Next: 4%
Magic:  14/14      EV: 14    Int: 17    God:    Ashenzari [......]
Gold:   261        SH:  0    Dex: 13    Spells: 4 memorised, 5 levels left

rFire  . . .     SeeInvis +       - Unarmed
rCold  . . .     Gourm    .     (no shield)
rNeg   . . .     Faith    .     (helmet restricted)
rPois  +         Spirit   .     (no amulet)
rElec  .         Dismiss  .     g - ring of poison resistance
rCorr  .         Reflect  .     (no ring)
SustAt .         Harm     .     (no ring)
MR     .....                    (no ring)
Stlth  ++........               (no ring)
                                (no ring)
                                (no ring)
                                (no ring)

@: lethally poisoned (-5 -> -6), not resistant to hostile enchantments,
unstealthy
A: almost no armour, amphibious, 8 rings, constrict 8, tentacle spike 1,
camouflage 1, see invisible, blink, shaggy fur 1, gelatinous body 1
a: Blink, Curse Item, Renounce Religion


You were on level 6 of the Dungeon.
You worshipped Ashenzari.
Ashenzari was noncommittal.
You were not hungry.

You visited 1 branch of the dungeon, and saw 6 of its levels.
You also visited: Ossuary.

You collected 261 gold pieces.

Inventory:

Missiles
 a - 29 arrows
 h - 49 poisoned needles
Jewellery
 g - a ring of poison resistance (left tentacle)
Scrolls
 d - a scroll of fog
 e - a scroll of teleportation
 i - a scroll of blinking
 j - 3 scrolls of remove curse
 m - a scroll of enchant armour
 r - a scroll of fear
Potions
 k - a potion of heal wounds
 l - 2 potions of lignification
 n - 2 potions of magic
 p - 2 potions of curing
 q - 2 potions of ambrosia
 v - a potion of resistance {unknown}
 w - a potion of degeneration {unknown}
Books
 b - a book of Changes

   Spells                             Type                      Level
   a - Beastly Appendage              Transmutation                1
   b - Sticks to Snakes               Transmutation                2
   c - Spider Form                    Transmutation/Poison         3
   d - Ice Form                       Ice/Transmutation            4
   e - Blade Hands                    Transmutation                5
 o - Sif Muna's Handbook of Transformation
   (You found it on level 5 of the Dungeon)

   Spells                             Type                      Level
   a - Beastly Appendage              Transmutation                1
 s - Vehumet's Incunabulum of Attacks
   (You found it on level 5 of the Dungeon)

   Spells                             Type                      Level
   a - Magic Dart                     Conjuration                  1
 t - Kikubaaqudgha's Collected Works on Black Secrets
   (You found it on level 5 of the Dungeon)

   Spells                             Type                      Level
   a - Pain                           Necromancy                   1
Comestibles
 c - 4 bread rations
 f - 2 meat rations
 u - 5 chunks of flesh


   Skills:
 + Level 4.2 Fighting
 + Level 4.4 Dodging
 * Level 6.3 Unarmed Combat
 + Level 3.9 Spellcasting
 * Level 6.1 Transmutations
 + Level 3.1 Ice Magic


You had 5 spell levels left.
You knew the following spells:

 Your Spells              Type           Power        Failure   Level  Hunger
a - Beastly Appendage     Trmt           ###...       1%          1    None
b - Sticks to Snakes      Trmt           ###.....     1%          2    ##.....
c - Spider Form           Trmt/Pois      ##........   14%         3    ###....
d - Ice Form              Ice/Trmt       ###.....     24%         4    ####...


Dungeon Overview and Level Annotations

Branches:
Dungeon (6/15)
 Temple: D:4-7

Altars:
Ashenzari
Cheibriados
Elyvilon
Fedhas
Kikubaaqudgha
Nemelex Xobeh
Pakellas
Ru
Sif Muna
Vehumet
Zin
The Shining One


Innate Abilities, Weirdness & Mutations

You cannot wear most types of armour.
You are amphibious.
You can wear up to eight rings at the same time.
You can use your tentacles to constrict eight enemies at once.
Your skin changes colour to match your surroundings (Stealth).
Your rubbery body absorbs attacks (AC +1).
One of your tentacles bears a spike.
You have supernaturally acute eyesight.
You can translocate small distances at will.
You are covered in fur (AC +1).


Message History

A centaur comes into view.
The centaur shouts! x2
The centaur wields a shortbow.
The centaur shoots an arrow.
The arrow hits you.
You hear a splash.
You see here an arrow.
The centaur wields a shortbow.
The centaur shoots an arrow.
The arrow misses you.
The centaur shoots an arrow.
The arrow hits you!
You hear a splash.
You see here an arrow.
Unknown command.
You feel sick.
The centaur shoots an arrow.
The arrow closely misses you.
The centaur shoots an arrow.
The arrow hits you.
The centaur shoots an arrow.
The arrow hits you!
The centaur shoots an arrow.
The arrow hits you!
* * * LOW HITPOINT WARNING * * *
You see here an arrow.
Drink which item? (? for menu, Esc to quit)
Okay, then.
The centaur shoots an arrow.
The arrow hits you!
You die...

#........# #..#
##.......# ##[#
##......# #.##
####...# ##.# #####
#.# #.##
##.##########.
#.##≈≈≈≈≈≈≈≈≈
##.@#≈≈≈≈≈≈≈≈≈
##...(≈≈≈≈≈≈≈≈≈
###...(.≈≈≈≈≈≈≈≈≈
#.......≈≈≈≈≈≈≈≈≈
#......†.((≈≈c...≈
...#......≈≈≈c≈...≈
.####.....≈≈≈≈≈...≈
#.....≈≈≈≈≈≈≈≈≈
#.....≈≈≈≈≈≈≈≈≈


You could see 2 centaurs.

Vanquished Creatures
  Grinder (D:4)
  The ghost of Jano the Sneak, an amateur OpIE (D:4)
  Duvessa (D:4)
  A sky beast (D:5)
  An ogre (D:5)
  A phantom (D:4)
  Blork the orc (D:4)
  3 elf zombies (Ossuary)
  Dowan (D:4)
  A scorpion (D:4)
  3 human zombies (Ossuary)
  A centaur zombie (Ossuary)
  2 orc priests (D:4)
  2 hounds
  An iguana (D:5)
  An orc wizard (D:4)
  2 worker ants
  A big kobold zombie (Ossuary)
  2 mummies (Ossuary)
  A worker ant zombie (D:5)
  7 gnolls
  10 adders
  A shadow imp (D:5)
  An adder zombie (Ossuary)
  2 worms (D:2)
  2 giant geckos
  9 orcs
  6 bats
  6 giant cockroaches
  5 goblins
  5 hobgoblins
  6 jackals
  3 kobolds
  A quokka (D:2)
  11 giant newts
  2 goblin zombies (Ossuary)
  10 hobgoblin zombies (Ossuary)
  A jackal zombie (Ossuary)
  5 kobold zombies (Ossuary)
  9 orc zombies (Ossuary)
  5 rats
  A rat zombie (Ossuary)
136 creatures vanquished.

Notes
Turn   | Place    | Note
--------------------------------------------------------------
     0 | D:1      | inmateoo the Octopode Transmuter began the quest for the Orb.
     0 | D:1      | Reached XP level 1. HP: 13/13 MP: 3/3
     1 | D:1      | Noticed an electric eel
   130 | D:1      | Reached XP level 2. HP: 18/18 MP: 5/5
   826 | D:2      | Reached XP level 3. HP: 11/23 MP: 4/6
  1190 | D:2      | Learned a level 2 spell: Sticks to Snakes
  1194 | D:2      | Learned a level 3 spell: Spider Form
  1476 | D:2      | Found a sacrificial altar of Ru.
  1737 | D:2      | Reached XP level 4. HP: 15/29 MP: 5/7
  2692 | D:3      | Found a shattered altar of Ashenzari.
  3011 | D:4      | Noticed a phantom
  3054 | D:4      | Found a sparkling altar of Nemelex Xobeh.
  3091 | D:4      | Noticed Jano's ghost (amateur OpIE)
  3235 | D:4      | Reached XP level 5. HP: 32/34 MP: 5/8
  3268 | D:4      | Noticed Grinder
  3283 | D:4      | Found a sand-covered staircase.
  3290 | D:4      | Paralysed by Grinder for 7 turns
  3316 | D:4      | Killed Grinder
  3316 | D:4      | Reached skill level 4 in Unarmed Combat
  3316 | D:4      | Reached XP level 6. HP: 10/41 MP: 10/10
  3329 | Ossuary  | Entered an ossuary
  3562 | Ossuary  | Learned a level 4 spell: Ice Form
  4259 | Ossuary  | Reached skill level 1 in Ice Magic
  4344 | Ossuary  | HP: 2/41 [human zombie (6)]
  4349 | Ossuary  | Reached XP level 7. HP: 12/45 MP: 8/11
  5130 | D:4      | Reached skill level 5 in Unarmed Combat
  5200 | D:3      | Became a worshipper of Ashenzari the Shackled
  5265 | D:4      | Killed Jano's ghost
  5265 | D:4      | Reached XP level 8. HP: 52/52 MP: 8/13
  5357 | D:4      | Found a glowing silver altar of Zin.
  5357 | D:4      | Found a white marble altar of Elyvilon.
  5357 | D:4      | Found a glowing golden altar of the Shining One.
  5410 | D:4      | Noticed Dowan
  5412 | D:4      | Noticed Duvessa
  5429 | D:4      | Killed Duvessa
  5429 | D:4      | Reached skill level 5 in Transmutations
  5430 | D:4      | Killed Dowan
  5433 | D:4      | Found a snail-covered altar of Cheibriados.
  5770 | D:4      | Noticed Blork the orc
  5781 | D:4      | Killed Blork the orc
  5896 | D:4      | Found an oddly glowing altar of Pakellas.
  5897 | D:4      | Found a blossoming altar of Fedhas.
  6121 | D:5      | Entered Level 5 of the Dungeon
  6136 | D:5      | Reached skill level 6 in Unarmed Combat
  6355 | D:5      | Found a radiant altar of Vehumet.
  6357 | D:5      | Found an ancient bone altar of Kikubaaqudgha.
  6357 | D:5      | Found a deep blue altar of Sif Muna.
  6362 | D:5      | Identified Sif Muna's Handbook of Transformation
  6369 | D:5      | Identified Vehumet's Incunabulum of Attacks
  6376 | D:5      | Identified Kikubaaqudgha's Collected Works on Black Secrets
  6523 | D:5      | Gained mutation: You are covered in fur (AC +1). [mutagenic meat]
  6545 | D:5      | Gained mutation: One of your tentacles bears a spike. [mutagenic meat]
  6546 | D:5      | Gained mutation: You can translocate small distances at will. [mutagenic meat]
  6547 | D:5      | Gained mutation: You have supernaturally acute eyesight. [mutagenic meat]
  6851 | D:5      | Reached XP level 9. HP: 58/58 MP: 9/14
  6918 | D:6      | Shot with an arrow by a centaur

Vault maps used:
D:1:      arrival_aquarium_a, grunt_decor_resistance, hex_tiny,
          minmay_lizard_king
D:2:      nicolae_ru_awakened_eye
D:3:      cheibrodos_ashenzari_chains
D:4:      good_gods_mini_temple, kennysheep_mini,
          nicolae_overflow_hidden_temple, enter_ossuary_1, fountainhead,
          uniq_blork_the_orc, uniq_duvessa, uniq_grinder
D:5:      grunt_temple_overflow_magic_moments, first_bread
D:6:      nicolae_whirlpool, okawaru_altar_gauntlet_db, basic_altar,
          kb_lookout_dungeons_type
Ossuary:  ossuary_tomb_1

Action                   |  1- 3 |  4- 6 |  7- 9 || total
-------------------------+-------+-------+-------++-------
Melee: Unarmed           |    75 |   212 |   206 ||   493
 Cast: Beastly Appendage |     7 |     6 |       ||    13
       Spider Form       |       |    13 |    10 ||    23
       Ice Form          |       |       |     6 ||     6
  Use: Scroll            |     4 |     6 |     5 ||    15
       Potion            |       |     2 |     1 ||     3
 Stab: Sleeping          |     2 |     2 |       ||     4
  Eat: Chunk             |     2 |     4 |     9 ||    15
       Pizza             |       |     1 |       ||     1
       Meat ration       |       |     1 |     1 ||     2
       Fruit             |       |       |     2 ||     2
